 Seeded DCSS version 0.30.1 (webtiles) character file.

Game seed: 7229806256980976716 (custom seed)

6 McKennaii the Conjurer (level 1, 14/14 HPs)
             Began as a Demigod Conjurer on July 13, 2023.
             Quit the game on level 1 of the Dungeon.
             The game lasted 00:01:04 (375 turns).

McKennaii the Conjurer (Demigod Conjurer)            Turns: 375, Time: 00:01:04

Health: 14/14      AC:  4    Str: 11    XL:     1   Next: 60%
Magic:  5/5        EV: 17    Int: 20    God:
Gold:   1248       SH:  0    Dex: 12    Spells: 3/4 levels left

rFire   + + .        (no weapon)
rCold   + . .        (no shield)
rNeg    . . .        a - +0 robe
rPois   +            (no helmet)
rElec   .            (no cloak)
rCorr   .            e - +1 pair of gloves of Immun {rF++ rC+ Will+}
SInv    .            (no boots)
Will    ++...        (no amulet)
Stlth   ++           g - ring of Joaxaox {rPois Will+ EV+5 Str+3}
HPRegen 0.22/turn    (no ring)
MPRegen 0.09/turn

%: no passive effects
@: no status effects
A: high MP 1, forlorn, divine attributes
a: no special abilities


You were on level 1 of the Dungeon.
You visited 1 branch of the dungeon, and saw 1 of its levels.

You collected 1248 gold pieces.

Inventory:

Missiles
 c - a throwing net
Armour
 a - a +0 robe (worn)
 e - the +1 pair of gloves of Immun (worn) {rF++ rC+ Will+}
   (You acquired it on level 1 of the Dungeon)

   rF:        It greatly protects you from fire.
   rC:        It protects you from cold.
   Will:      It increases your willpower.
Jewellery
 g - the ring of Joaxaox (left hand) {rPois Will+ EV+5 Str+3}
   (You acquired it on level 1 of the Dungeon)

   [ring of evasion]

   EV:        It affects your evasion (+5).
   Str:       It affects your strength (+3).
   rPois:     It protects you from poison.
   Will:      It increases your willpower.
Scrolls
 d - 2 scrolls of amnesia {unknown}
 f - a scroll of teleportation {unknown}
 h - a scroll of identify {unknown}
 i - a scroll of blinking {unknown}
Potions
 b - a potion of magic
 j - a potion of mutation {unknown}


   Skills:
 - Level 1.7 Dodging
 - Level 1.7 Stealth
 + Level 2.0 Spellcasting
 + Level 3.7 Conjurations


You had 3 spell levels left.
You knew the following spells:

 Your Spells              Type           Power      Damage    Failure   Level
a - Magic Dart            Conj           68%        1d6       3%          1

Your spell library contained the following spells:

 Spells                   Type           Power      Damage    Failure   Level
 Searing Ray              Conj           34%        2d5       4%          2
 Dazzling Flash           Conj/Hex       18%        N/A       22%         3
 Fulminant Prism          Conj/Hex       4%         3d5       58%         4
 Iskenderun's Mystic Bla  Conj/Tloc      9%         2d4       58%         4


Dungeon Overview and Level Annotations

Branches:
Dungeon (1/15)


Innate Abilities, Weirdness & Mutations

You have an increased reservoir of magic. (+10% MP)
You shall have no god before yourself.
Your divine heritage dramatically boosts your attributes as you level up.


Message History

Something appears at your feet! Something appears at your feet!
e - the +1 pair of gloves of Immun {rF++ rC+ Will+} You now have 1248 gold pieces (gained 1231).
You start putting on your armour.
You continue putting on the +1 pair of gloves of Immun {rF++ rC+ Will+}. x4
You finish putting on the +1 pair of gloves of Immun {rF++ rC+ Will+}.
You feel stronger.
g - the ring of Joaxaox (left hand) {rPois Will+ EV+5 Str+3}
Okay, then.
Found 3 large rocks.
You see here 3 large rocks.
A bat comes into view.
Found a hand axe.
The magic dart hits the bat.
You kill the bat!
Your Spellcasting skill increases to level 2!
Magic restored.
A frilled lizard comes into view.
Found a scroll labelled ISYPAI JAGUE.
The magic dart hits the frilled lizard.
You kill the frilled lizard!
You see here a +0 hand axe.
You see here a bat corpse.
h - a scroll labelled ISYPAI JAGUE You can't see any susceptible monsters within range! (Use Z to cast anyway.)
You see here a bat corpse.
Found an escape hatch in the floor.
You can't see any susceptible monsters within range! (Use Z to cast anyway.)
i - a scroll labelled FOEGIP WYTRA You can't see any susceptible monsters within range! (Use Z to cast anyway.)
Found a robe.
You can't see any susceptible monsters within range! (Use Z to cast anyway.)
j - a bubbling black potion You can't see any susceptible monsters within range! (Use Z to cast anyway.)
Found 5 stones.
You can't see any susceptible monsters within range! (Use Z to cast anyway.)
Found a leather armour.
You can't see any susceptible monsters within range! (Use Z to cast anyway.) Are you sure you want to abandon this character and quit the game? (Confirm with "yes".)

# #.....##.#
#.#........#
##.#.....#).####
#.#####...............
#......###..†###†#####
.##..#.#.## #.#
#.#.##.# #.# ##.#.##>#
#.# #@...##.# #......
........#..# .#
####### ......#....#
.# #.###.##.#.# .# #
..... ...(..# [#..#
.#...


There were no monsters in sight!

Vanquished Creatures
  A bat (D:1)
  A giant cockroach (D:1)
  A hobgoblin (D:1)
  A quokka (D:1)
  A frilled lizard (D:1)
5 creatures vanquished.

Notes
Turn   | Place    | Note
-------+----------+-------------------------------------------
     0 | D:1      | McKennaii the Demigod Conjurer began the quest for the Orb.
     0 | D:1      | Reached XP level 1. HP: 14/14 MP: 5/5
   168 | D:1      | Identified 3 scrolls of acquirement
   168 | D:1      | Acquired the ring of Joaxaox {rPois Will+ EV+5 Str+3}
   170 | D:1      | Acquired the +1 pair of gloves of Immun {rF++ rC+ Will+}
   171 | D:1      | Acquired 1231 gold pieces
   375 | D:1      | Quit the game

Illustrated notes

Levels and vault maps discovered:
D:1:      spicycebolla_arrival_ecumenical, layout_loops_ring

Skill      XL: |  1 |
---------------+----+-----
Spellcasting   | 2 |  2.0
Dodging        | |  1.7
Stealth        | |  1.7
Conjurations   | |  3.7

Action                     || total
---------------------------++-------
   Cast: Magic Dart        ||     9
    Use: Scroll            ||     3
